Connexion

PITTSBURGH Penguins vs WASHINGTON Capitals (R4)

Created - 1 avril 2024 at 07:37

Goals
1 2 3 T
PITTSBURGH Penguins 4 1 1 6
WASHINGTON Capitals 1 3 1 5
Shots
1 2 3 T
PITTSBURGH Penguins 15 13 9 37
WASHINGTON Capitals 10 9 10 29

GoalsPenalties
1st period
1. WASHINGTON Capitals , Dryden Hunt 11 (Alex Pietrangelo 28, Joel Kiviranta 3) at 8:26
2. PITTSBURGH Penguins , William Nylander 27 (Will Butcher 53) at 12:04
3. PITTSBURGH Penguins , Oliver Bjorkstrand 27 (Anton Lindholm 47) at 12:40
4. PITTSBURGH Penguins , Andrei Svechnikov 18 (Jake Gardiner 61, William Nylander 27) at 13:20
5. PITTSBURGH Penguins , Oliver Bjorkstrand 28 (Anton Lindholm 48, Adam Larsson 21) at 17:27 (PP)
Brandon Hagel (WAS) for Cross-checking (Minor) at 13:35
Sean Walker (WAS) for Cross-checking (Minor) at 16:13
Frederick Gaudreau (WAS) for Hooking (Minor) at 19:34
2nd period
6. WASHINGTON Capitals , Brandon Hagel 28 (Shea Theodore 72) at 0:14 (SH)
7. WASHINGTON Capitals , Mikey Eyssimont 11 (Nick Jensen 22, Alex Pietrangelo 29) at 2:15
8. PITTSBURGH Penguins , Connor McDavid 39 (Jake Gardiner 62, Oliver Bjorkstrand 43) at 4:51 (PP)
9. WASHINGTON Capitals , Frederick Gaudreau 41 (Sean Walker 11, Jared McCann 53) at 7:25
Aleksander Barkov (WAS) for Cross-checking (Minor) at 3:10
Nikita Kucherov (WAS) for Slashing (Minor) at 10:16
Jared McCann (WAS) for Tripping (Minor) at 10:35
Adam Larsson (PIT) for Interference (Minor) at 15:19
3rd period
10. WASHINGTON Capitals , Mikey Eyssimont 12 (Alex Killorn 23, Denis Gurianov 24) at 2:16
11. PITTSBURGH Penguins , Will Butcher 26 (William Nylander 28, Jake Gardiner 63) at 9:01
Will Butcher (PIT) for Interference (Minor) at 2:33
Mikey Eyssimont (WAS) for High sticking (Minor) at 9:22
Goalie Stats
Jonathan Quick (PIT), 24 saves from 29 shots - (0,828), W, 15-9-0, 60:00 minutes
Jordan Binnington (WAS), 8 saves from 12 shots - (0,667), 17:27 minutes
Marcus Hogberg (WAS), 23 saves from 25 shots - (0,920), L, 8-8-5, 41:39 minutes
3 StarsOfficial
1 - Oliver Bjorkstrand (PIT)
2 - William Nylander (PIT)
3 - Jake Gardiner (PIT)
Referees : Don VanMassenhoven and Bill McCreary
Linesman : Don Henderson and Thor Nelson
Game Note
Marcus Hogberg enters game at 17:27 of 1st period
Finance
Level 1 -- Attendance: 4090 (68,17%) -- Ticket Income $674,850
Level 2 -- Attendance: 3475 (65,85%) -- Ticket Income $382,250
Level 3 -- Attendance: 1205 (60,25%) -- Ticket Income $102,425
Level 4 -- Attendance: 2412 (60,30%) -- Ticket Income $139,896
Luxury Box -- Attendance: 1000 (100,00%) -- Ticket Income $250,000
Game was played at the Verizon Center.
Total Attendance: 12182 (66,65%)
Total Ticket Income: $1,549,421
Other Income: $309,884
Total Income: $1,859,305



Team Name Goals Shots Shots Attemp Shots Blocked PIM HIT PP PK FO%
PITTSBURGH Penguins 63762194252 / 7 (29%)048%
WASHINGTON Capitals 529651114270 / 2 (0%)252%

PITTSBURGH Penguins
Player Name POS G A P +/- PIM HIT SHT SB MP PP MP PP SHT PK MP PK SHT FO% FOT
Adam LarssonD011-2270621:336:1400:3400% 0
Alexander BarabanovLW/RW000-1011011:530:0000:1900% 0
Andrei SvechnikovLW/RW1010024122:366:0410:47050% 2
Anton LindholmD022-2001322:296:1411:2900% 0
Brad MarchandLW/RW0000027024:495:0632:10075% 4
Connor McDavidC1010004124:535:0612:14048% 31
Gustav NyquistC/LW/RW0001011018:556:0400:57025% 4
Jake GardinerD0332011325:204:5612:0300% 0
Justin KloosC/RW000-100013:510:0000:00050% 2
Kevin ConnautonD000-1030112:170:0000:3200% 0
Matthew NietoLW/RW000000000:420:0000:4200% 0
Milan LucicLW000-100003:510:0000:0000% 1
Oliver Bjorkstrand LW/RW2130039023:365:0660:57050% 2
Ross ColtonC000-1010011:340:0000:00058% 19
Trevor CarrickD000-1022013:520:0002:0700% 0
Vitali KravtsovRW000-1001011:340:0000:00050% 2
Will ButcherD1122222224:174:5611:0100% 0
William NylanderC/RW1231004117:586:0420:00039% 18
WASHINGTON Capitals
Player Name POS G A P +/- PIM HIT SHT SB MP PP MP PP SHT PK MP PK SHT FO% FOT
Aleksander BarkovC0000211223:351:3505:12067% 27
Alex KillornC/LW/RW0112011014:192:2302:4300% 1
Alex PietrangeloD022-1031122:102:2305:1500% 0
Andreas JohnssonLW/RW000-2002014:180:0000:0000% 0
Brandon HagelLW1010256023:401:3505:1710% 0
Denis GurianovLW/RW011201209:130:0000:0000% 1
Dryden HuntC/LW101100104:320:0000:0000% 3
Frederick GaudreauC/RW101-2202021:552:2305:15046% 41
Givani SmithRW000100004:320:0000:000100% 1
Jared McCannC/LW011-2243018:502:2302:0900% 0
Joel HanleyD0000030022:431:3505:5500% 0
Joel KivirantaLW011100104:350:0000:0300% 0
Mikey EyssimontC/LW202220309:120:0000:00056% 9
Nick JensenD011-1042421:570:0005:1500% 0
Nikita KucherovRW000-1212018:231:3500:00050% 2
Sean WalkerD0112211014:592:2300:0000% 0
Shea TheodoreD0110011325:131:3515:5500% 0
Slater KoekkoekD0002020112:570:0000:0000% 0



Play-by-Play

1st period


0:01 of 1st period - Connor McDavid wins face-off versus Aleksander Barkov in neutral zone.
0:23 of 1st period - Shot by Brad Marchand.
0:23 of 1st period - Shot Blocked by Shea Theodore.
0:40 of 1st period - Oliver Bjorkstrand is hit by Nikita Kucherov and loses puck.
1:01 of 1st period - Anton Lindholm is hit by Brandon Hagel and loses puck.
1:10 of 1st period - William Nylander is hit by Brandon Hagel and loses puck.
1:19 of 1st period - Shot by Gustav Nyquist.
1:19 of 1st period - Stopped by Jordan Binnington without a rebound.
1:20 of 1st period - Ross Colton wins face-off versus Frederick Gaudreau in WASHINGTON Capitals zone.
1:20 of 1st period - Trevor Carrick is hit by Nick Jensen and loses puck.
1:24 of 1st period - Icing by Jared McCann.
1:25 of 1st period - Ross Colton wins face-off versus Frederick Gaudreau in WASHINGTON Capitals zone.
1:28 of 1st period - Shot by Vitali Kravtsov.
1:28 of 1st period - Stopped by Jordan Binnington without a rebound.
1:29 of 1st period - Justin Kloos wins face-off versus Mikey Eyssimont in WASHINGTON Capitals zone.
1:52 of 1st period - Shot by Andrei Svechnikov.
1:52 of 1st period - Stopped by Jordan Binnington with a rebound.
2:02 of 1st period - Shot by Denis Gurianov.
2:02 of 1st period - Shot Blocked by Justin Kloos.
2:05 of 1st period - Alex Killorn is hit by Trevor Carrick and loses puck.
2:52 of 1st period - Shot by Frederick Gaudreau.
2:52 of 1st period - Shot Blocked by Jake Gardiner.
2:54 of 1st period - Shot by Alex Pietrangelo.
2:54 of 1st period - Stopped by Jonathan Quick with a rebound.
2:56 of 1st period - Shot by Jared McCann.
2:56 of 1st period - Shot Misses the Net.
2:58 of 1st period - Shot by Nick Jensen.
2:58 of 1st period - Stopped by Jonathan Quick with a rebound.
3:00 of 1st period - Shot by Frederick Gaudreau.
3:00 of 1st period - Stopped by Jonathan Quick without a rebound.
3:01 of 1st period - Connor McDavid wins face-off versus Dryden Hunt in PITTSBURGH Penguins zone.
3:14 of 1st period - Shot by Connor McDavid.
3:14 of 1st period - Stopped by Jordan Binnington with a rebound.
3:29 of 1st period - Icing by Anton Lindholm.
3:30 of 1st period - Aleksander Barkov wins face-off versus Connor McDavid in PITTSBURGH Penguins zone.
4:51 of 1st period - Icing by Alex Pietrangelo.
4:52 of 1st period - Frederick Gaudreau wins face-off versus Ross Colton in WASHINGTON Capitals zone.
4:57 of 1st period - Shot by Nick Jensen.
4:57 of 1st period - Shot Misses the Net.
4:59 of 1st period - Shot by Nick Jensen.
4:59 of 1st period - Stopped by Jonathan Quick without a rebound.
5:00 of 1st period - Connor McDavid wins face-off versus Mikey Eyssimont in PITTSBURGH Penguins zone.
5:07 of 1st period - Shot by Brad Marchand.
5:07 of 1st period - Stopped by Jordan Binnington with a rebound.
5:17 of 1st period - Shot by Denis Gurianov.
5:17 of 1st period - Shot Misses the Net.
5:19 of 1st period - Shot by Denis Gurianov.
5:19 of 1st period - Stopped by Jonathan Quick without a rebound.
5:20 of 1st period - Vitali Kravtsov wins face-off versus Frederick Gaudreau in PITTSBURGH Penguins zone.
5:36 of 1st period - Frederick Gaudreau is hit by Adam Larsson and loses puck.
6:01 of 1st period - Shot by Andreas Johnsson.
6:01 of 1st period - Stopped by Jonathan Quick with a rebound.
7:55 of 1st period - Oliver Bjorkstrand is hit by Alex Pietrangelo and loses puck.
8:26 of 1st period - Shot by Dryden Hunt.
8:26 of 1st period - Goal by Dryden Hunt - PITTSBURGH Penguins : 0 - WASHINGTON Capitals : 1.
8:27 of 1st period - Aleksander Barkov wins face-off versus Ross Colton in neutral zone.
8:38 of 1st period - Shot by Aleksander Barkov.
8:38 of 1st period - Deflect By Brandon Hagel.
8:38 of 1st period - Stopped by Jonathan Quick without a rebound.
8:39 of 1st period - Connor McDavid wins face-off versus Frederick Gaudreau in PITTSBURGH Penguins zone.
8:39 of 1st period - Connor McDavid is hit by Jared McCann.
8:55 of 1st period - Shot by Brad Marchand.
8:55 of 1st period - Stopped by Jordan Binnington without a rebound.
8:56 of 1st period - Ross Colton wins face-off versus Nikita Kucherov in WASHINGTON Capitals zone.
9:19 of 1st period - Shot by Vitali Kravtsov.
9:19 of 1st period - Shot Misses the Net.
9:45 of 1st period - Vitali Kravtsov is hit by Brandon Hagel.
9:46 of 1st period - Icing by Vitali Kravtsov.
9:47 of 1st period - Frederick Gaudreau wins face-off versus Vitali Kravtsov in PITTSBURGH Penguins zone.
10:12 of 1st period - Shot by Jared McCann.
10:12 of 1st period - Stopped by Jonathan Quick without a rebound.
10:13 of 1st period - Connor McDavid wins face-off versus Denis Gurianov in PITTSBURGH Penguins zone.
10:36 of 1st period - Jake Gardiner is hit by Alex Killorn and loses puck.
10:57 of 1st period - Shot by Will Butcher.
10:57 of 1st period - Shot Blocked by Slater Koekkoek.
11:12 of 1st period - Icing by Adam Larsson.
11:13 of 1st period - Frederick Gaudreau wins face-off versus William Nylander in PITTSBURGH Penguins zone.
11:32 of 1st period - Shot by Jared McCann.
11:32 of 1st period - Shot Misses the Net.
11:34 of 1st period - Shot by Andreas Johnsson.
11:34 of 1st period - Stopped by Jonathan Quick without a rebound.
11:35 of 1st period - Ross Colton wins face-off versus Aleksander Barkov in PITTSBURGH Penguins zone.
11:50 of 1st period - Shot by Alexander Barabanov.
11:50 of 1st period - Stopped by Jordan Binnington without a rebound.
11:51 of 1st period - William Nylander wins face-off versus Frederick Gaudreau in WASHINGTON Capitals zone.
12:04 of 1st period - Shot by William Nylander.
12:04 of 1st period - Goal by William Nylander - PITTSBURGH Penguins : 1 - WASHINGTON Capitals : 1.
12:05 of 1st period - Connor McDavid wins face-off versus Aleksander Barkov in neutral zone.
12:12 of 1st period - Shot by Aleksander Barkov.
12:12 of 1st period - Shot Blocked by Adam Larsson.
12:14 of 1st period - Shot by Nikita Kucherov.
12:14 of 1st period - Shot Blocked by Adam Larsson.
12:16 of 1st period - Shot by Shea Theodore.
12:16 of 1st period - Shot Misses the Net.
12:18 of 1st period - Shot by Shea Theodore.
12:18 of 1st period - Shot Blocked by Connor McDavid.
12:40 of 1st period - Shot by Oliver Bjorkstrand .
12:40 of 1st period - Goal by Oliver Bjorkstrand - PITTSBURGH Penguins : 2 - WASHINGTON Capitals : 1.
12:41 of 1st period - Frederick Gaudreau wins face-off versus William Nylander in neutral zone.
12:49 of 1st period - Jake Gardiner is hit by Nick Jensen and loses puck.
12:56 of 1st period - Shot by William Nylander.
12:56 of 1st period - Shot Misses the Net.
13:10 of 1st period - Shot by Jared McCann.
13:10 of 1st period - Shot Blocked by Will Butcher.
13:20 of 1st period - Shot by Andrei Svechnikov.
13:20 of 1st period - Goal by Andrei Svechnikov - PITTSBURGH Penguins : 3 - WASHINGTON Capitals : 1.
13:21 of 1st period - Aleksander Barkov wins face-off versus Connor McDavid in neutral zone.
13:34 of 1st period - Connor McDavid is hit by Brandon Hagel and loses puck.
13:35 of 1st period - Minor Penalty to Brandon Hagel for Cross-checking.
13:36 of 1st period - Frederick Gaudreau wins face-off versus Connor McDavid in WASHINGTON Capitals zone.
14:02 of 1st period - Shot by Brad Marchand.
14:02 of 1st period - Deflect By Oliver Bjorkstrand .
14:02 of 1st period - Stopped by Jordan Binnington without a rebound.
14:03 of 1st period - Frederick Gaudreau wins face-off versus William Nylander in WASHINGTON Capitals zone.
14:40 of 1st period - Shot by Will Butcher.
14:40 of 1st period - Shot Blocked by Aleksander Barkov.
15:00 of 1st period - Shot by Frederick Gaudreau.
15:00 of 1st period - Shot Blocked by Adam Larsson.
15:12 of 1st period - Shot by Brad Marchand.
15:12 of 1st period - Shot Misses the Net.
16:13 of 1st period - Minor Penalty to Sean Walker for Cross-checking.
16:14 of 1st period - Frederick Gaudreau wins face-off versus William Nylander in WASHINGTON Capitals zone.
16:14 of 1st period - Shea Theodore is hit by Andrei Svechnikov.
17:27 of 1st period - Shot by Oliver Bjorkstrand .
17:27 of 1st period - Goal by Oliver Bjorkstrand - PITTSBURGH Penguins : 4 - WASHINGTON Capitals : 1.
17:27 of 1st period - Marcus Hogberg enters game.
17:28 of 1st period - Ross Colton wins face-off versus Mikey Eyssimont in neutral zone.
17:32 of 1st period - Vitali Kravtsov is hit by Sean Walker and loses puck.
17:41 of 1st period - Icing by Kevin Connauton.
17:42 of 1st period - Ross Colton wins face-off versus Dryden Hunt in PITTSBURGH Penguins zone.
18:02 of 1st period - Icing by Kevin Connauton.
18:03 of 1st period - Ross Colton wins face-off versus Frederick Gaudreau in PITTSBURGH Penguins zone.
18:12 of 1st period - Shot by Vitali Kravtsov.
18:12 of 1st period - Shot Misses the Net.
18:14 of 1st period - Shot by Trevor Carrick.
18:14 of 1st period - Stopped by Marcus Hogberg without a rebound.
18:15 of 1st period - Connor McDavid wins face-off versus Aleksander Barkov in WASHINGTON Capitals zone.
18:15 of 1st period - Jake Gardiner is hit by Nick Jensen.
18:23 of 1st period - Shot by Oliver Bjorkstrand .
18:23 of 1st period - Shot Blocked by Nick Jensen.
18:31 of 1st period - Shot by Connor McDavid.
18:31 of 1st period - Stopped by Marcus Hogberg without a rebound.
18:32 of 1st period - Frederick Gaudreau wins face-off versus William Nylander in WASHINGTON Capitals zone.
18:41 of 1st period - Shot by Jared McCann.
18:41 of 1st period - Shot Blocked by Anton Lindholm.
18:46 of 1st period - Icing by Anton Lindholm.
18:47 of 1st period - Aleksander Barkov wins face-off versus William Nylander in PITTSBURGH Penguins zone.
19:03 of 1st period - Andrei Svechnikov is hit by Joel Hanley and loses puck.
19:08 of 1st period - Shot by Gustav Nyquist.
19:08 of 1st period - Deflect By William Nylander.
19:08 of 1st period - Stopped by Marcus Hogberg without a rebound.
19:09 of 1st period - Connor McDavid wins face-off versus Frederick Gaudreau in WASHINGTON Capitals zone.
19:34 of 1st period - Minor Penalty to Frederick Gaudreau for Hooking.
19:35 of 1st period - Aleksander Barkov wins face-off versus William Nylander in WASHINGTON Capitals zone.
Goals for this period are 4 for PITTSBURGH Penguins vs 1 for WASHINGTON Capitals.
Shots for this period are 15 for PITTSBURGH Penguins vs 10 for WASHINGTON Capitals.

2nd period


0:01 of 2nd period - Aleksander Barkov wins face-off versus Connor McDavid in neutral zone.
0:14 of 2nd period - Shot by Brandon Hagel.
0:14 of 2nd period - Goal by Brandon Hagel - PITTSBURGH Penguins : 4 - WASHINGTON Capitals : 2.
0:15 of 2nd period - William Nylander wins face-off versus Aleksander Barkov in neutral zone.
1:15 of 2nd period - Icing by Jake Gardiner.
1:16 of 2nd period - Aleksander Barkov wins face-off versus Connor McDavid in PITTSBURGH Penguins zone.
1:16 of 2nd period - Aleksander Barkov is hit by Will Butcher.
1:20 of 2nd period - Shot by Aleksander Barkov.
1:20 of 2nd period - Shot Misses the Net.
1:26 of 2nd period - Joel Hanley is hit by Brad Marchand and loses puck.
1:44 of 2nd period - Ross Colton is hit by Nick Jensen and loses puck.
2:15 of 2nd period - Shot by Mikey Eyssimont.
2:15 of 2nd period - Goal by Mikey Eyssimont - PITTSBURGH Penguins : 4 - WASHINGTON Capitals : 3.
2:16 of 2nd period - Connor McDavid wins face-off versus Frederick Gaudreau in neutral zone.
2:28 of 2nd period - Connor McDavid is hit by Joel Hanley and loses puck.
3:10 of 2nd period - Minor Penalty to Aleksander Barkov for Cross-checking.
3:11 of 2nd period - William Nylander wins face-off versus Frederick Gaudreau in WASHINGTON Capitals zone.
3:31 of 2nd period - Shot by Anton Lindholm.
3:31 of 2nd period - Deflect By Andrei Svechnikov.
3:31 of 2nd period - Stopped by Marcus Hogberg without a rebound.
3:32 of 2nd period - William Nylander wins face-off versus Alex Killorn in WASHINGTON Capitals zone.
4:45 of 2nd period - Shot by Connor McDavid.
4:45 of 2nd period - Shot Blocked by Shea Theodore.
4:47 of 2nd period - Shot by Oliver Bjorkstrand .
4:47 of 2nd period - Shot Misses the Net.
4:49 of 2nd period - Shot by Oliver Bjorkstrand .
4:49 of 2nd period - Shot Blocked by Shea Theodore.
4:51 of 2nd period - Shot by Jake Gardiner.
4:51 of 2nd period - Deflect By Connor McDavid.
4:51 of 2nd period - Goal by Connor McDavid - PITTSBURGH Penguins : 5 - WASHINGTON Capitals : 3.
4:52 of 2nd period - Givani Smith wins face-off versus Ross Colton in neutral zone.
5:04 of 2nd period - Joel Kiviranta is hit by Kevin Connauton and loses puck.
5:13 of 2nd period - Shot by Joel Kiviranta.
5:13 of 2nd period - Stopped by Jonathan Quick without a rebound.
5:14 of 2nd period - Mikey Eyssimont wins face-off versus Milan Lucic in PITTSBURGH Penguins zone.
5:53 of 2nd period - Icing by Nick Jensen.
5:54 of 2nd period - Mikey Eyssimont wins face-off versus Connor McDavid in WASHINGTON Capitals zone.
6:07 of 2nd period - Shot by Alex Killorn.
6:07 of 2nd period - Stopped by Jonathan Quick with a rebound.
6:09 of 2nd period - Shot by Alex Pietrangelo.
6:09 of 2nd period - Shot Blocked by Jake Gardiner.
6:39 of 2nd period - Shot by Aleksander Barkov.
6:39 of 2nd period - Shot Misses the Net.
6:41 of 2nd period - Shot by Brandon Hagel.
6:41 of 2nd period - Stopped by Jonathan Quick without a rebound.
6:42 of 2nd period - Frederick Gaudreau wins face-off versus William Nylander in PITTSBURGH Penguins zone.
6:43 of 2nd period - Shot by Jared McCann.
6:43 of 2nd period - Stopped by Jonathan Quick without a rebound.
6:44 of 2nd period - William Nylander wins face-off versus Frederick Gaudreau in PITTSBURGH Penguins zone.
7:17 of 2nd period - Shot by Andreas Johnsson.
7:17 of 2nd period - Deflect By Frederick Gaudreau.
7:17 of 2nd period - Shot Misses the Net.
7:25 of 2nd period - Shot by Frederick Gaudreau.
7:25 of 2nd period - Goal by Frederick Gaudreau - PITTSBURGH Penguins : 5 - WASHINGTON Capitals : 4.
7:26 of 2nd period - Brad Marchand wins face-off versus Aleksander Barkov in neutral zone.
7:57 of 2nd period - Shea Theodore is hit by Oliver Bjorkstrand and loses puck.
8:06 of 2nd period - Shot by Connor McDavid.
8:06 of 2nd period - Stopped by Marcus Hogberg without a rebound.
8:07 of 2nd period - Mikey Eyssimont wins face-off versus Ross Colton in WASHINGTON Capitals zone.
8:11 of 2nd period - Nick Jensen is hit by Kevin Connauton and loses puck.
8:47 of 2nd period - Shot by Alex Killorn.
8:47 of 2nd period - Shot Misses the Net.
8:58 of 2nd period - Icing by Kevin Connauton.
8:59 of 2nd period - Aleksander Barkov wins face-off versus Ross Colton in PITTSBURGH Penguins zone.
9:12 of 2nd period - Shot by Nikita Kucherov.
9:12 of 2nd period - Shot Blocked by Kevin Connauton.
9:15 of 2nd period - Icing by Vitali Kravtsov.
9:16 of 2nd period - Ross Colton wins face-off versus Frederick Gaudreau in PITTSBURGH Penguins zone.
10:15 of 2nd period - Shot by Nikita Kucherov.
10:15 of 2nd period - Shot Misses the Net.
10:16 of 2nd period - Minor Penalty to Nikita Kucherov for Slashing.
10:17 of 2nd period - Connor McDavid wins face-off versus Frederick Gaudreau in WASHINGTON Capitals zone.
10:18 of 2nd period - Shot by Brad Marchand.
10:18 of 2nd period - Stopped by Marcus Hogberg with a rebound.
10:20 of 2nd period - Shot by Brad Marchand.
10:20 of 2nd period - Stopped by Marcus Hogberg with a rebound.
10:24 of 2nd period - Shot by Anton Lindholm.
10:24 of 2nd period - Stopped by Marcus Hogberg with a rebound.
10:26 of 2nd period - Shot by Oliver Bjorkstrand .
10:26 of 2nd period - Stopped by Marcus Hogberg with a rebound.
10:28 of 2nd period - Shot by Brad Marchand.
10:28 of 2nd period - Stopped by Marcus Hogberg without a rebound.
10:29 of 2nd period - Frederick Gaudreau wins face-off versus Connor McDavid in WASHINGTON Capitals zone.
10:35 of 2nd period - Minor Penalty to Jared McCann for Tripping.
10:36 of 2nd period - Oliver Bjorkstrand wins face-off versus Frederick Gaudreau in WASHINGTON Capitals zone.
10:57 of 2nd period - Shot by Oliver Bjorkstrand .
10:57 of 2nd period - Stopped by Marcus Hogberg without a rebound.
10:58 of 2nd period - Frederick Gaudreau wins face-off versus William Nylander in WASHINGTON Capitals zone.
11:17 of 2nd period - Shot by Jake Gardiner.
11:17 of 2nd period - Stopped by Marcus Hogberg without a rebound.
11:18 of 2nd period - Connor McDavid wins face-off versus Frederick Gaudreau in WASHINGTON Capitals zone.
11:35 of 2nd period - Shot by Anton Lindholm.
11:35 of 2nd period - Shot Misses the Net.
12:13 of 2nd period - Icing by William Nylander.
12:14 of 2nd period - William Nylander wins face-off versus Frederick Gaudreau in PITTSBURGH Penguins zone.
12:23 of 2nd period - Shot by Gustav Nyquist.
12:23 of 2nd period - Shot Misses the Net.
12:33 of 2nd period - Shot by William Nylander.
12:33 of 2nd period - Shot Blocked by Aleksander Barkov.
12:35 of 2nd period - Shot by Andrei Svechnikov.
12:35 of 2nd period - Stopped by Marcus Hogberg with a rebound.
12:42 of 2nd period - Alexander Barabanov is hit by Slater Koekkoek and loses puck.
12:45 of 2nd period - Shot by Ross Colton.
12:45 of 2nd period - Shot Misses the Net.
12:47 of 2nd period - Shot by Trevor Carrick.
12:47 of 2nd period - Stopped by Marcus Hogberg without a rebound.
12:48 of 2nd period - Aleksander Barkov wins face-off versus Andrei Svechnikov in WASHINGTON Capitals zone.
12:53 of 2nd period - Shot by Aleksander Barkov.
12:53 of 2nd period - Deflect By Brandon Hagel.
12:53 of 2nd period - Stopped by Jonathan Quick without a rebound.
12:54 of 2nd period - Aleksander Barkov wins face-off versus Oliver Bjorkstrand in PITTSBURGH Penguins zone.
12:57 of 2nd period - Shot by Nikita Kucherov.
12:57 of 2nd period - Shot Blocked by Anton Lindholm.
12:59 of 2nd period - Shot by Aleksander Barkov.
12:59 of 2nd period - Shot Blocked by Anton Lindholm.
13:18 of 2nd period - Icing by Anton Lindholm.
13:19 of 2nd period - Frederick Gaudreau wins face-off versus Connor McDavid in PITTSBURGH Penguins zone.
13:34 of 2nd period - Shot by Brad Marchand.
13:34 of 2nd period - Stopped by Marcus Hogberg without a rebound.
13:35 of 2nd period - Aleksander Barkov wins face-off versus Gustav Nyquist in WASHINGTON Capitals zone.
13:35 of 2nd period - Aleksander Barkov is hit by Andrei Svechnikov.
14:08 of 2nd period - Will Butcher is hit by Joel Hanley and loses puck.
14:53 of 2nd period - Connor McDavid is hit by Alex Pietrangelo and loses puck.
15:19 of 2nd period - Minor Penalty to Adam Larsson for Interference.
15:20 of 2nd period - Frederick Gaudreau wins face-off versus Brad Marchand in PITTSBURGH Penguins zone.
16:05 of 2nd period - Off-side.
16:06 of 2nd period - Aleksander Barkov wins face-off versus Gustav Nyquist in neutral zone.
16:08 of 2nd period - Shea Theodore is hit by Gustav Nyquist and loses puck.
16:31 of 2nd period - Shot by Shea Theodore.
16:31 of 2nd period - Stopped by Jonathan Quick without a rebound.
16:32 of 2nd period - Brad Marchand wins face-off versus Frederick Gaudreau in PITTSBURGH Penguins zone.
16:32 of 2nd period - Brad Marchand is hit by Jared McCann.
17:17 of 2nd period - Icing by Alex Pietrangelo.
17:18 of 2nd period - Gustav Nyquist wins face-off versus Frederick Gaudreau in WASHINGTON Capitals zone.
17:21 of 2nd period - Shot by Ross Colton.
17:21 of 2nd period - Shot Blocked by Nick Jensen.
18:24 of 2nd period - Shot by Aleksander Barkov.
18:24 of 2nd period - Shot Misses the Net.
18:38 of 2nd period - Shot by Brandon Hagel.
18:38 of 2nd period - Shot Blocked by Will Butcher.
19:29 of 2nd period - Icing by Adam Larsson.
19:30 of 2nd period - Frederick Gaudreau wins face-off versus Connor McDavid in PITTSBURGH Penguins zone.
19:35 of 2nd period - Shot by Andreas Johnsson.
19:35 of 2nd period - Shot Blocked by Adam Larsson.
Goals for this period are 1 for PITTSBURGH Penguins vs 3 for WASHINGTON Capitals.
Shots for this period are 13 for PITTSBURGH Penguins vs 9 for WASHINGTON Capitals.

3rd period


0:01 of 3rd period - Aleksander Barkov wins face-off versus Connor McDavid in neutral zone.
0:32 of 3rd period - Shot by Oliver Bjorkstrand .
0:32 of 3rd period - Shot Misses the Net.
2:16 of 3rd period - Shot by Mikey Eyssimont.
2:16 of 3rd period - Goal by Mikey Eyssimont - PITTSBURGH Penguins : 5 - WASHINGTON Capitals : 5.
2:17 of 3rd period - Brad Marchand wins face-off versus Dryden Hunt in neutral zone.
2:33 of 3rd period - Minor Penalty to Will Butcher for Interference.
2:34 of 3rd period - Nikita Kucherov wins face-off versus Connor McDavid in PITTSBURGH Penguins zone.
2:49 of 3rd period - Brandon Hagel is hit by Brad Marchand and loses puck.
3:44 of 3rd period - Alex Killorn is hit by Oliver Bjorkstrand and loses puck.
4:34 of 3rd period - Shot by Brandon Hagel.
4:34 of 3rd period - Shot Misses the Net.
4:36 of 3rd period - Shot by Shea Theodore.
4:36 of 3rd period - Shot Blocked by Andrei Svechnikov.
5:17 of 3rd period - Icing by Will Butcher.
5:18 of 3rd period - Aleksander Barkov wins face-off versus Justin Kloos in PITTSBURGH Penguins zone.
5:19 of 3rd period - Shot by Nikita Kucherov.
5:19 of 3rd period - Stopped by Jonathan Quick with a rebound.
5:25 of 3rd period - Shot by Nikita Kucherov.
5:25 of 3rd period - Deflect By Brandon Hagel.
5:25 of 3rd period - Stopped by Jonathan Quick with a rebound.
5:27 of 3rd period - Shot by Sean Walker.
5:27 of 3rd period - Shot Blocked by Jake Gardiner.
5:53 of 3rd period - Shot by Nikita Kucherov.
5:53 of 3rd period - Shot Misses the Net.
5:55 of 3rd period - Shot by Nikita Kucherov.
5:55 of 3rd period - Shot Misses the Net.
5:57 of 3rd period - Shot by Slater Koekkoek.
5:57 of 3rd period - Shot Misses the Net.
6:35 of 3rd period - Shot by Oliver Bjorkstrand .
6:35 of 3rd period - Stopped by Marcus Hogberg without a rebound.
6:36 of 3rd period - Frederick Gaudreau wins face-off versus Ross Colton in WASHINGTON Capitals zone.
6:36 of 3rd period - Frederick Gaudreau is hit by Alexander Barabanov.
6:48 of 3rd period - Vitali Kravtsov is hit by Jared McCann and loses puck.
6:58 of 3rd period - Off-side.
6:59 of 3rd period - Aleksander Barkov wins face-off versus Connor McDavid in neutral zone.
6:59 of 3rd period - Aleksander Barkov is hit by Oliver Bjorkstrand .
7:07 of 3rd period - Shot by Oliver Bjorkstrand .
7:07 of 3rd period - Shot Blocked by Nick Jensen.
7:13 of 3rd period - Shot by Oliver Bjorkstrand .
7:13 of 3rd period - Stopped by Marcus Hogberg without a rebound.
7:14 of 3rd period - Ross Colton wins face-off versus Frederick Gaudreau in WASHINGTON Capitals zone.
7:22 of 3rd period - Icing by Sean Walker.
7:23 of 3rd period - Connor McDavid wins face-off versus Frederick Gaudreau in WASHINGTON Capitals zone.
7:36 of 3rd period - Shot by Connor McDavid.
7:36 of 3rd period - Deflect By Brad Marchand.
7:36 of 3rd period - Stopped by Marcus Hogberg without a rebound.
7:37 of 3rd period - Aleksander Barkov wins face-off versus Ross Colton in WASHINGTON Capitals zone.
7:43 of 3rd period - Icing by Shea Theodore.
7:44 of 3rd period - Aleksander Barkov wins face-off versus Connor McDavid in WASHINGTON Capitals zone.
7:50 of 3rd period - Shea Theodore is hit by Adam Larsson and loses puck.
8:01 of 3rd period - Shot by Brandon Hagel.
8:01 of 3rd period - Stopped by Jonathan Quick with a rebound.
8:03 of 3rd period - Shot by Aleksander Barkov.
8:03 of 3rd period - Stopped by Jonathan Quick with a rebound.
8:08 of 3rd period - Nikita Kucherov is hit by Adam Larsson and loses puck.
8:13 of 3rd period - Shot by Nikita Kucherov.
8:13 of 3rd period - Shot Misses the Net.
8:21 of 3rd period - Shot by Nikita Kucherov.
8:21 of 3rd period - Shot Blocked by Adam Larsson.
8:23 of 3rd period - Shot by Aleksander Barkov.
8:23 of 3rd period - Shot Misses the Net.
8:59 of 3rd period - Shot by William Nylander.
8:59 of 3rd period - Shot Misses the Net.
9:01 of 3rd period - Shot by Will Butcher.
9:01 of 3rd period - Goal by Will Butcher - PITTSBURGH Penguins : 6 - WASHINGTON Capitals : 5.
9:02 of 3rd period - Mikey Eyssimont wins face-off versus Ross Colton in neutral zone.
9:12 of 3rd period - Mikey Eyssimont is hit by Trevor Carrick and loses puck.
9:22 of 3rd period - Minor Penalty to Mikey Eyssimont for High sticking.
9:23 of 3rd period - William Nylander wins face-off versus Frederick Gaudreau in WASHINGTON Capitals zone.
9:23 of 3rd period - William Nylander is hit by Alex Pietrangelo.
9:47 of 3rd period - Shot by William Nylander.
9:47 of 3rd period - Stopped by Marcus Hogberg with a rebound.
9:49 of 3rd period - Shot by Will Butcher.
9:49 of 3rd period - Stopped by Marcus Hogberg without a rebound.
9:50 of 3rd period - Connor McDavid wins face-off versus Frederick Gaudreau in WASHINGTON Capitals zone.
10:05 of 3rd period - Shot by Connor McDavid.
10:05 of 3rd period - Shot Misses the Net.
10:07 of 3rd period - Shot by Oliver Bjorkstrand .
10:07 of 3rd period - Stopped by Marcus Hogberg without a rebound.
10:08 of 3rd period - Andrei Svechnikov wins face-off versus Aleksander Barkov in WASHINGTON Capitals zone.
10:25 of 3rd period - Shot by Gustav Nyquist.
10:25 of 3rd period - Shot Hit the Post.
10:27 of 3rd period - Shot by Andrei Svechnikov.
10:27 of 3rd period - Shot Misses the Net.
10:29 of 3rd period - Shot by Andrei Svechnikov.
10:29 of 3rd period - Deflect By Gustav Nyquist.
10:29 of 3rd period - Shot Blocked by Alex Pietrangelo.
10:31 of 3rd period - Shot by William Nylander.
10:31 of 3rd period - Shot Misses the Net.
10:35 of 3rd period - Shot by William Nylander.
10:35 of 3rd period - Stopped by Marcus Hogberg without a rebound.
10:36 of 3rd period - Connor McDavid wins face-off versus Aleksander Barkov in WASHINGTON Capitals zone.
10:36 of 3rd period - Connor McDavid is hit by Shea Theodore.
11:04 of 3rd period - Shot by Oliver Bjorkstrand .
11:04 of 3rd period - Stopped by Marcus Hogberg without a rebound.
11:05 of 3rd period - Frederick Gaudreau wins face-off versus William Nylander in WASHINGTON Capitals zone.
11:41 of 3rd period - Shot by Sean Walker.
11:41 of 3rd period - Stopped by Jonathan Quick without a rebound.
11:42 of 3rd period - Frederick Gaudreau wins face-off versus Connor McDavid in PITTSBURGH Penguins zone.
12:43 of 3rd period - William Nylander is hit by Brandon Hagel.
13:00 of 3rd period - Shot by Brandon Hagel.
13:00 of 3rd period - Deflect By Nikita Kucherov.
13:00 of 3rd period - Stopped by Jonathan Quick without a rebound.
13:01 of 3rd period - Ross Colton wins face-off versus Mikey Eyssimont in PITTSBURGH Penguins zone.
13:10 of 3rd period - Alex Killorn is hit by Ross Colton and loses puck.
13:28 of 3rd period - Denis Gurianov is hit by Kevin Connauton and loses puck.
13:33 of 3rd period - Shot by Mikey Eyssimont.
13:33 of 3rd period - Stopped by Jonathan Quick without a rebound.
13:34 of 3rd period - Aleksander Barkov wins face-off versus Connor McDavid in PITTSBURGH Penguins zone.
13:53 of 3rd period - Shot by Brad Marchand.
13:53 of 3rd period - Shot Blocked by Nick Jensen.
14:26 of 3rd period - Icing by Brad Marchand.
14:27 of 3rd period - Frederick Gaudreau wins face-off versus Connor McDavid in PITTSBURGH Penguins zone.
14:50 of 3rd period - Shot by Jared McCann.
14:50 of 3rd period - Stopped by Jonathan Quick without a rebound.
14:51 of 3rd period - Mikey Eyssimont wins face-off versus Gustav Nyquist in PITTSBURGH Penguins zone.
15:01 of 3rd period - William Nylander is hit by Slater Koekkoek and loses puck.
15:09 of 3rd period - Sean Walker is hit by Adam Larsson and loses puck.
15:29 of 3rd period - Slater Koekkoek is hit by Adam Larsson.
15:45 of 3rd period - Shot by Nikita Kucherov.
15:45 of 3rd period - Shot Blocked by Adam Larsson.
15:57 of 3rd period - Shot by Nikita Kucherov.
15:57 of 3rd period - Shot Blocked by William Nylander.
16:22 of 3rd period - Nikita Kucherov is hit by Adam Larsson and loses puck.
16:32 of 3rd period - Icing by Anton Lindholm.
16:33 of 3rd period - Frederick Gaudreau wins face-off versus William Nylander in PITTSBURGH Penguins zone.
16:33 of 3rd period - Frederick Gaudreau is hit by Adam Larsson.
16:58 of 3rd period - Frederick Gaudreau is hit by Will Butcher and loses puck.
17:32 of 3rd period - Icing by Jake Gardiner.
17:33 of 3rd period - Connor McDavid wins face-off versus Aleksander Barkov in PITTSBURGH Penguins zone.
17:33 of 3rd period - Connor McDavid is hit by Aleksander Barkov.
18:28 of 3rd period - Jake Gardiner is hit by Denis Gurianov and loses puck.
18:42 of 3rd period - Alex Killorn is hit by Jake Gardiner and loses puck.
18:51 of 3rd period - Shot by Denis Gurianov.
18:51 of 3rd period - Stopped by Jonathan Quick without a rebound.
18:52 of 3rd period - Ross Colton wins face-off versus Frederick Gaudreau in PITTSBURGH Penguins zone.
18:52 of 3rd period - Ross Colton is hit by Jared McCann.
19:06 of 3rd period - WASHINGTON Capitals, Marcus Hogberg is pulled from the net.
Goals for this period are 1 for PITTSBURGH Penguins vs 1 for WASHINGTON Capitals.
Shots for this period are 9 for PITTSBURGH Penguins vs 10 for WASHINGTON Capitals.